 Dungeon Crawl Stone Soup version 0.27-a0-1105-g946c659c87 (webtiles) character file.

Game seed: 16677364043471756535

15 siradein the Slasher (level 2, -3/22 HPs)
             Began as a Demonspawn Gladiator on Apr 30, 2021.
             Succumbed to a kobold's poison
             ... on level 1 of the Dungeon.
             The game lasted 00:01:12 (317 turns).

siradein the Slasher (Demonspawn Gladiator)          Turns: 317, Time: 00:01:13

Health: -3/22      AC:  4    Str: 14    XL:     2   Next: 34%
Magic:  2/2        EV: 14    Int:  9    God:
Gold:   46         SH:  0    Dex: 14    Spells: 1/1 levels left

rFire    . . .     SeeInvis .   a - +0 long sword
rCold    . . .     Faith    .   (no shield)
rNeg     . . .     Spirit   .   b - +0 leather armour
rPois    .         Reflect  .   c - +0 helmet
rElec    .         Harm     .   (no cloak)
rCorr    .         Rampage  .   (no gloves)
Will     .....                  (no boots)
Stlth    +.........             (no amulet)
HPRegen  0.07/turn              (no ring)
MPRegen  0.08/turn              (no ring)

@: lethally poisoned (-3 -> -21)
A: repulsion field 1
a: no special abilities


You were on level 1 of the Dungeon.
You visited 1 branch of the dungeon, and saw 1 of its levels.

You collected 46 gold pieces.

Inventory:

Hand Weapons
 a - a +0 long sword (weapon)
 g - a +0 arbalest
Missiles
 d - 3 throwing nets (quivered)
Armour
 b - a +0 leather armour (worn)
 c - a +0 helmet (worn)
Scrolls
 f - a scroll of enchant armour {unknown}
 h - a scroll of identify {unknown}
Potions
 e - a potion of berserk rage {unknown}


   Skills:
 - Level 2.0 Fighting
 + Level 3.4 Long Blades
 - Level 1.7 Throwing
 - Level 2.6 Dodging


You had one spell level left.
You didn't know any spells.
Your spell library was empty.

Dungeon Overview and Level Annotations

Branches:
Dungeon (1/15)

Altars:


Innate Abilities, Weirdness & Mutations

You are surrounded by a mild repulsion field. (EV +2)


Message History

Things that are here:
a +0 club; 2 stones
Found 17 arrows.
You see here 17 arrows.
Found a stone staircase leading down.
You now have 37 gold pieces (gained 11).
Found a stone staircase leading down.
You now have 46 gold pieces (gained 9).
A kobold comes into view. It is wielding a +0 dagger.
The kobold shouts!
A kobold is nearby!
A kobold is nearby! 2 kobolds come into view.
A kobold is wielding a +2 dagger of venom.
The kobold shouts!
The kobold closely misses you.
You hit the kobold but do no damage. The kobold misses you.
You riposte.
You slash the kobold!
You kill the kobold!
The kobold hits you but does no damage.
You are poisoned.
You see here a +0 dagger.
You closely miss the kobold.
You feel sick. The kobold hits you but does no damage.
You are more poisoned.
You hit the kobold.
You kill the kobold!
You feel very sick.
The kobold hits you with a +2 dagger of venom. x2
You are lethally poisoned!
You barely miss the kobold.
You feel very sick.
The kobold hits you with a +2 dagger of venom.
* * * LOW HITPOINT WARNING * * *
You are more poisoned.
You are too injured to fight recklessly!
* * * LOW HITPOINT WARNING * * *
You feel very sick.
The kobold throws a stone.
The stone hits you but does no damage.
You die...

#.# #.## .. #...
##.# #.#.# # ###.
...# ##.###†### ##.
#. .### #.# #.. ...
#. .# ##.###.###..
.# #.####)#.# #.#
.# #.....K).##.####
(# #..#####.......#
.# #. #@.#.##.# .#
#. #..# .# .# #..
#.## ..
.#########.#####.##
.#
........##........#
.
#######.####.###.##
#.#.....#.##
##.#.####..# #....#
##.#


There were no monsters in sight!

Vanquished Creatures
  A dart slug (D:1)
  4 ball pythons (D:1)
  A bat (D:1)
  A frilled lizard (D:1)
  5 kobolds (D:1)
  A rat (D:1)
13 creatures vanquished.

Notes
Turn   | Place    | Note
-------+----------+-------------------------------------------
     0 | D:1      | siradein the Demonspawn Gladiator began the quest for the
                  | Orb.
     0 | D:1      | Reached XP level 1. HP: 16/16 MP: 1/1
    42 | D:1      | Found a faded altar of an unknown god.
    64 | D:1      | Reached skill level 3 in Long Blades
   123 | D:1      | Gained mutation: You are surrounded by a mild repulsion
                  | field. (EV +2) [demonic ancestry]
   123 | D:1      | Reached XP level 2. HP: 22/22 MP: 2/2
   316 | D:1      | HP: 1/22 [poisoned by a kobold]
   317 | D:1      | Succumbed to a kobold's poison

Illustrated notes

Levels and vault maps discovered:
D:1:      lemuel_arrival_rhombus, layout_loops_ring,
          ebering_ecumenical_altar_rust

Skill      XL: |  1 |
---------------+----+-----
Long Blades    | 3 |  3.4
Fighting       | |  2.0
Throwing       | |  1.7
Dodging        | |  2.6

Action                   || total
-------------------------++-------
Melee: Long sword        ||    25
Armor: Leather armour    ||     7
Dodge: Dodged            ||    27
       Rpst.: Long sword ||     5

Table legend: (Time is in decaauts)
 A = Elapsed time spent in this place.
 B = Non-inter-level travel time spent in this place.
 C = Inter-level travel time spent in this place.
 D = Time resting spent in this place.
 E = Time spent auto-exploring this place.
 F = Levels seen in this place.
 G = Mean time per level.
                   A        B        C        D        E       F      G
               +--------+--------+--------+--------+--------+-----+--------+
         Total |    323 |    323 |      0 |      0 |    232 |   1 |  323.0 |
       Dungeon |    323 |    323 |      0 |      0 |    232 |   1 |  323.0 |
               +--------+--------+--------+--------+--------+-----+--------+

Top non-repeatable levels by time:
     D:1: 323 daAuts
